 Dungeon Crawl Stone Soup version 0.30.1-11-g7821555f0a (webtiles) character file.

Game seed: 14775556076997952705

8789 Peloso the Carver (level 11, -5/95 HPs)
             Began as a Minotaur Fighter on Nov 30, 2023.
             Was a High Priest of Okawaru.
             Slain by a sixfirhy (12 damage)
             ... summoned by a kobold demonologist
             ... on level 11 of the Dungeon.
             The game lasted 00:19:57 (11151 turns).

Peloso the Carver (Minotaur Fighter)               Turns: 11151, Time: 00:19:57

Health: -5/95      AC: 23    Str: 20    XL:     11   Next: 14%
Magic:  10/10      EV:  6    Int:  5    God:    Okawaru [*****.]
Gold:   678        SH: 12    Dex: 15    Spells: 10/10 levels left

rFire   . . .        c - +4 scimitar (freeze)
rCold   . . .        d - +0 kite shield
rNeg    . . .        v - +0 plate armour
rPois   .            T - +2 hat
rElec   .            P - +0 cloak
rCorr   .            h - +0 pair of gloves
SInv    .            N - +2 pair of boots
Will    .....        (no amulet) Stlth
                     (no ring)
HPRegen 0.35/turn    (no ring)
MPRegen 0.12/turn

%: no passive effects
@: no status effects
A: horns 2, retaliatory headbutt, sense surroundings 1
a: Renounce Religion, Heroism, Finesse, Duel


You were on level 11 of the Dungeon.
You worshipped Okawaru.
Okawaru was extremely pleased with you.
You visited 2 branches of the dungeon, and saw 12 of its levels.

You collected 727 gold pieces.
You spent 49 gold pieces at shops.

Inventory:

Hand Weapons
 a - a +5 scimitar
 b - a +1 hand axe of flaming
 c - a +4 scimitar of freezing (weapon)
Missiles
 S - a throwing net (quivered)
Armour
 d - a +0 kite shield (worn)
 h - a +0 pair of gloves (worn)
 v - a +0 plate armour (worn)
 N - a +2 pair of boots (worn)
 O - a +1 chain mail of cold resistance
 P - a +0 cloak (worn)
 T - a +2 hat (worn)
Jewellery
 p - an amulet of faith
 x - a ring of wizardry
 C - a ring of fire
 G - a ring of wizardry
 I - a +6 ring of strength
 J - a ring of positive energy
 L - a +6 ring of dexterity
 M - an amulet of regeneration
 Q - a ring of magical power
Wands
 j - a wand of polymorph (17)
 A - a wand of iceblast (14)
Scrolls
 f - 4 scrolls of teleportation
 o - 2 scrolls of acquirement
 q - 2 scrolls of fog
 u - 3 scrolls of immolation
 y - a scroll of magic mapping
 B - a scroll of noise {unknown}
 D - a scroll of blinking {unknown}
 E - 2 scrolls of identify
 F - 2 scrolls of torment {unknown}
 R - a scroll of enchant weapon {unknown}
Potions
 e - 2 potions of might
 g - a potion of brilliance
 i - 5 potions of heal wounds
 k - a potion of invisibility {unknown}
 l - 2 potions of mutation
 n - 3 potions of flight
 r - 2 potions of lignification {unknown}
 s - 2 potions of berserk rage
 t - 6 potions of curing
 w - a potion of resistance {unknown}
 z - a potion of haste {unknown}
 H - a potion of ambrosia {unknown}
 K - a potion of experience {unknown}


   Skills:
 + Level 8.9 Fighting
 + Level 12.9 Long Blades
 + Level 10.7 Armour
 + Level 2.1 Dodging
 + Level 0.6 Stealth
 + Level 10.3 Shields
 + Level 1.0 Invocations


You had 10 spell levels left.
You didn't know any spells.
Your spell library contained the following spells:

 Spells                   Type           Power      Damage    Failure   Level
 Apportation              Tloc           0%         N/A       100%        1
 Necrotise                Necr           0%         1d4       100%        1
 Sublimation of Blood     Necr           0%         N/A       100%        2
 Wereblood                Tmut           0%         N/A       100%        2
 Vhi's Electric Charge    Tloc/Air       0%         N/A       100%        3
 Cause Fear               Hex            0%         N/A       100%        4
 Petrify                  Tmut/Erth      0%         N/A       100%        4
 Arcjolt                  Conj/Air       0%         1d10      100%        5
 Metabolic Englaciation   Hex/Ice        0%         N/A       100%        5
 Plasma Beam              Fire/Air       0%         2x1d11    100%        6
 Statue Form              Tmut/Erth      0%         N/A       100%        6
 Dragon Form              Tmut           0%         N/A       100%        7
 Summon Small Mammal      Summ           Unusable   N/A       N/A         1
 Summon Hydra             Summ           Unusable   N/A       N/A         7
 Dragon's Call            Summ           Unusable   N/A       N/A         9

Dungeon Overview and Level Annotations

Branches:
Dungeon (11/15)            Temple (1/1) D:4
   Lair: D:8-11         Orc: D:9-12

Altars:
Ashenzari
Dithmenos
Elyvilon
Fedhas
Gozag
Hepliaklqana
Kikubaaqudgha
Makhleb
Nemelex Xobeh
Okawaru
Qazlal
Ru
Sif Muna
Trog
Uskayaw
Vehumet
Wu Jian
Xom
Yredelemnul
Zin
The Shining One

Shops:
D:7 *

Annotations:
D:10 1 runed translucent door, Ijustatesigmund's ghost, novice GrEE


Innate Abilities, Weirdness & Mutations

You have a pair of horns on your head.
You reflexively headbutt those who attack you in melee.
You passively map a small area around you.


Message History

The kobold demonologist casts a spell.
The warg bites you but does no damage.
You completely miss the kobold demonologist.
Your headbutt misses the kobold demonologist.
The kobold demonologist is moderately wounded.
You block the neqoxec's attack. The kobold hits you but does no damage.
The kobold demonologist hits you but does no damage.
The boulder beetle hits you!!
* * * LOW HITPOINT WARNING * * *
The boulder beetle stops rolling and uncurls.
You block the warg's attack.
As you read the scroll of fear, it crumbles to dust.
You assume a fearsome visage.
The neqoxec looks frightened!
The iron imp looks frightened! x2; The warg looks frightened!
The boulder beetle looks frightened! x2
The kobold demonologist resists with some effort.
The kobold looks frightened! x3
The kobold demonologist looks frightened!
The kobold looks frightened!
The kobold demonologist completely misses you.
You furiously retaliate!
You headbutt the kobold demonologist!
The boulder beetle leaps!
You miss the kobold demonologist.
Your headbutt misses the kobold demonologist.
The kobold demonologist is heavily wounded.
You block the kobold demonologist's attack.
The boulder beetle leaps!
Unknown command.
You hit the kobold demonologist but do no damage.
You headbutt the kobold demonologist!
The kobold demonologist is severely wounded.
The kobold demonologist gestures wildly while chanting.
The boulder beetle leaps!
Unknown command.
You closely miss the kobold demonologist.
The kobold demonologist is severely wounded.
The sixfirhy hits you!
* * * LOW HITPOINT WARNING * * *
The sixfirhy shocks you!
You die...

..o..,
#K#....°........... *
[.... #)####.###...######
, ...... #[####'###.).#
......####)#.....°B...#
...........#...3°B....#
,/..o.......5...°°.....#
######.............######
#....°.3...........#
#K....@K...........#
#......###'#.......# ,
#h.........#.......# *
#.......####.......# *
#KK..K5## #########
#.......### * >.##.#### +
*#.* .


You could see 2 boulder beetles, a kobold demonologist, a sixfirhy (summoned), a
neqoxec (summoned, fleeing), a warg (fleeing), 2 iron imps and 4 kobolds.

Vanquished Creatures
  Snorg (D:11)
  A two-headed ogre (D:5)
  A gargoyle (D:10)
  A hornet (D:6)
  2 trolls
  2 wraiths
  A shadow (D:11)
  6 yaks (D:8)
  A wyvern (D:9)
  An acid dragon (D:10)
  A water moccasin (D:8)
  2 ice beasts
  3 black bears
  2 orc warriors
  3 centaurs
  2 ogres (D:6)
  3 kobold brigands
  2 phantoms (D:6)
  4 bullfrogs
  A gnoll sergeant (D:6)
  6 scorpions
  23 wights
  8 killer bees
  2 howler monkeys
  6 hounds
  2 jellies (D:4)
  9 orc priests
  2 sleepcaps
  4 gnoll boudas
  An iguana (D:4)
  8 orc wizards
  18 gnolls
  8 adders
  A shadow imp (D:6)
  2 white imps
  An ufetubus (D:6)
  A worm (D:3)
  6 dart slugs
  30 orcs
  7 endoplasms
  5 giant cockroaches
  10 hobgoblins
  16 kobolds
  4 quokkas
  6 ball pythons
  5 bats
  3 frilled lizards (D:1)
  5 goblins
  8 rats
247 creatures vanquished.

Notes
Turn   | Place    | Note
-------+----------+-------------------------------------------
     0 | D:1      | Peloso the Minotaur Fighter began the quest for the Orb.
     0 | D:1      | Reached XP level 1. HP: 19/19 MP: 0/0
   142 | D:1      | Reached XP level 2. HP: 24/27 MP: 1/1
   296 | D:1      | Gained mutation: You passively map a small area around you.
                  | [potion of mutation]
   615 | D:2      | Reached skill level 3 in Long Blades
   627 | D:2      | Reached XP level 3. HP: 28/33 MP: 2/2
  1295 | D:2      | Reached skill level 4 in Long Blades
  1295 | D:2      | Reached XP level 4. HP: 40/40 MP: 3/3
  2198 | D:4      | Found a radiant altar of Vehumet.
  2208 | D:4      | Reached XP level 5. HP: 29/46 MP: 4/4
  2288 | D:4      | Found a staircase to the Ecumenical Temple.
  2320 | Temple   | Entered the Ecumenical Temple
  2325 | Temple   | Became a worshipper of Warmaster Okawaru
  2355 | D:4      | Reached skill level 5 in Long Blades
  2591 | D:4      | Identified a scroll of acquirement
  2690 | D:4      | Noticed a black bear
  2745 | D:4      | Killed a black bear
  2746 | D:4      | Reached skill level 5 in Armour
  2746 | D:4      | Reached skill level 1 in Dodging
  2746 | D:4      | Reached XP level 6. HP: 25/53 MP: 5/5
  3209 | D:5      | Entered Level 5 of the Dungeon
  3250 | D:5      | Reached skill level 6 in Long Blades
  3342 | D:5      | Found a sparkling altar of Nemelex Xobeh.
  3572 | D:5      | Reached XP level 7. HP: 56/59 MP: 6/6
  3606 | D:5      | Reached skill level 5 in Shields
  3612 | D:5      | Reached * piety under Okawaru
  3988 | D:5      | Reached skill level 5 in Fighting
  4050 | D:5      | Noticed a two-headed ogre
  4063 | D:5      | Killed a two-headed ogre
  4064 | D:5      | Reached skill level 8 in Long Blades
  4064 | D:5      | Reached XP level 8. HP: 55/69 MP: 4/7
  4274 | D:5      | Found an ancient bone altar of Kikubaaqudgha.
  4328 | D:5      | Reached ** piety under Okawaru
  4600 | D:5      | Found a glowing silver altar of Zin.
  5349 | D:6      | Noticed a hornet
  5372 | D:6      | Paralysed by a hornet for 2 turns
  5379 | D:6      | Killed a hornet
  5479 | D:6      | Reached skill level 9 in Long Blades
  5479 | D:6      | Reached XP level 9. HP: 66/75 MP: 8/8
  5512 | D:6      | Noticed a troll
  5528 | D:6      | Killed a troll
  5551 | D:6      | Reached *** piety under Okawaru
  6115 | D:6      | Found a stormy altar of Qazlal.
  6602 | D:7      | You fall into a shaft and drop 3 floors!
  6602 | D:10     | Entered Level 10 of the Dungeon
  6636 | D:10     | Noticed a gargoyle
  6651 | D:10     | Killed a gargoyle
  6652 | D:10     | Reached skill level 10 in Long Blades
  6653 | D:10     | Found a runed translucent door.
  7207 | D:7      | Found Ekeinier's Assorted Antiques.
  7317 | D:7      | Reached XP level 10. HP: 86/86 MP: 9/9
  7398 | D:7      | Bought a yellow potion for 23 gold pieces
  7398 | D:7      | Bought a scroll labelled KIBLIM JUEJISTY for 26 gold pieces
  7575 | D:8      | Reached **** piety under Okawaru
  7818 | D:8      | Reached skill level 11 in Long Blades
  7837 | D:8      | Received a gift from Okawaru
  8083 | D:8      | Found a basalt altar of Yredelemnul.
  8455 | D:9      | Found an ornate altar of the Wu Jian Council.
  8455 | D:9      | Found an opulent altar of Gozag.
  8470 | D:9      | Reached skill level 10 in Armour
  8800 | D:9      | Reached skill level 12 in Long Blades
  8800 | D:9      | Reached skill level 1 in Invocations
  9112 | D:9      | Reached skill level 10 in Shields
  9305 | D:9      | Found a shimmering altar of Xom.
  9713 | D:10     | Noticed a centaur warrior
  9713 | D:10     | Noticed Ijustatesigmund's ghost (novice GrEE)
 10078 | D:10     | Found a hazy altar of Hepliaklqana.
 10642 | D:11     | Reached XP level 11. HP: 95/95 MP: 10/10
 10794 | D:11     | Noticed Snorg
 10801 | D:11     | Reached ***** piety under Okawaru
 10807 | D:11     | Killed Snorg
 10814 | D:11     | Noticed a boulder beetle
 11101 | D:11     | Noticed a boulder beetle
 11151 | D:11     | Noticed a sixfirhy
 11151 | D:11     | Slain by a sixfirhy

Illustrated notes

Levels and vault maps discovered:
D:1:      minmay_arrival_five_plusses, layout_rooms, minmay_distorted
D:2:      layout_basic, dreamdust_princess_corridor
D:3:      layout_basic, patterned_corridor
D:4:      layout_cave_pods, nicolae_vehumet_radiance,
          minmay_temple_entry_water_ring
D:5:      layout_layer_cave, nemelex_xobeh_ov_fountains_minmay,
          mainiacjoe_overflow_surrounded_room, zin_statuary
D:6:      cheibrodos_barr_body, layout_basic, mainiacjoe_overflow_cross_hatched
D:7:      layout_cave_pools, nrook_uturn, kennysheep_windowed_goal
D:8:      layout_loops_ring, mainiacjoe_overflow_catwalk
D:9:      layout_loops_ring, kennysheep_mini_moat,
          gammafunk_temple_overflow_wave
D:10:     layout_layer_cave, worldfamousw_hep_ancestral_shrine,
          nicolae_overflow_hidden_temple, ebering_ghost_inner_flame,
          minmay_hedge_maze
D:11:     layout_basic, erik_lair_orcish_takeover,
          grunt_dithmenos_smoke_and_mirrors, uniq_snorg
Temple:   minmay_freezing_vapour_temple

Skill      XL: |  1  2  3  4  5  6  7  8  9 10 |
---------------+-------------------------------+-----
Shields        | 4 6 7 9 10 | 10.3
Armour         | 4 5 6 8 9 10 | 10.7
Long Blades    | 3 4 5 6 8 9 10 12 | 12.9
Fighting       | 4 5 6 7 8 |  8.9
Dodging        | 1 2 |  2.1
Invocations    | 1 |  1.0
Stealth        | |  0.6

Action                     |  1- 3 |  4- 6 |  7- 9 | 10-12 || total
---------------------------+-------+-------+-------+-------++-------
  Melee: Long sword        |   103 |   152 |   283 |   172 ||   710
         Headbutt          |     9 |    33 |    63 |    74 ||   179
         Scimitar          |       |       |       |   156 ||   156
 Invoke: Heroism           |       |       |     6 |     4 ||    10
    Use: Potion            |     6 |       |     1 |     1 ||     8
         Scroll            |     1 |     4 |     5 |     2 ||    12
 Armour: Scale mail        |    58 |       |       |       ||    58
         Chain mail        |     6 |    42 |       |       ||    48
         Plate armour      |       |    65 |   213 |   158 ||   436
  Dodge: Dodged            |    51 |    50 |    63 |    59 ||   223
  Block: Buckler           |    20 |    11 |       |       ||    31
         Kite shield       |       |    56 |   208 |   181 ||   445
